 Dungeon Crawl Stone Soup version 0.27-a0-543-gd81048afd2 (webtiles) character file.

Game seed: 14642166742196973554

6 Gaff the Stinger (level 1, 0/13 HPs)
             Began as a Demonspawn Venom Mage on Mar 7, 2021.
             Slain by a hobgoblin (3 damage)
             ... on level 1 of the Dungeon.
             The game lasted 00:01:43 (402 turns).

Gaff the Stinger (Demonspawn Venom Mage)             Turns: 402, Time: 00:01:44

Health: 0/13       AC:  2    Str:  8    XL:     1   Next: 75%
Magic:  2/3        EV: 12    Int: 16    God:
Gold:   0          SH:  0    Dex: 13    Spells: 3/4 levels left

rFire    . . .     SeeInvis .   d - +0 club
rCold    . . .     Faith    .   (no shield)
rNeg     . . .     Spirit   .   a - +0 robe
rPois    .         Reflect  .   (no helmet)
rElec    .         Harm     .   (no cloak)
rCorr    .         Rampage  .   (no gloves)
Will     .....                  (no boots)
Stlth    ++........             (no amulet)
HPRegen  0.04/turn              (no ring)
MPRegen  0.08/turn              (no ring)

@: no status effects
A: no striking features
a: no special abilities


You were on level 1 of the Dungeon.
You visited 1 branch of the dungeon, and saw 2 of its levels.

Inventory:

Hand Weapons
 d - a +0 club (weapon)
Armour
 a - a +0 robe (worn)
Potions
 b - a potion of brilliance {unknown}
 c - a potion of might {unknown}


   Skills:
 + Level 1.8 Dodging
 + Level 1.8 Stealth
 + Level 2.0 Spellcasting
 - Level 0.8 Transmutations
 + Level 3.2 Poison Magic


You had 3 spell levels left.
You knew the following spells:

 Your Spells              Type           Power      Damage    Failure   Level
a - Sting                 Tmut/Pois      32%        1d4       9%          1

Your spell library contained the following spells:

 Spells                   Type           Power      Damage    Failure   Level
 Poisonous Vapours        Pois/Air       12%        N/A       16%         2
 Ignite Poison            Fire/Tmut/Pois 6%         N/A       34%         3
 Mephitic Cloud           Conj/Pois/Air  5%         N/A       36%         3
 Olgreb's Toxic Radiance  Pois           12%        N/A       47%         4


Dungeon Overview and Level Annotations

Branches:
Dungeon (2/15)

Altars:


Message History

An ooze comes into view.
There is a stone staircase leading down here.
You start resting.
An ooze is nearby!
Casting: Sting (safe; 9% risk of failure)
Confirm with . or Enter, or press ? or * to list all spells.
Aiming: Sting (safe; 9% risk of failure)
Press: ? - help, Shift-Dir - straight line, f - ooze
Aim: an ooze (wandering, hasn't noticed you, 3% to evade)
The sting hits the ooze.
The ooze partially resists.
The ooze is lightly wounded.
Casting: Sting (safe; 9% risk of failure)
Confirm with . or Enter, or press ? or * to list all spells.
Aiming: Sting (safe; 9% risk of failure)
Press: ? - help, Shift-Dir - straight line, f/p - ooze
Aim: an ooze (lightly wounded, 3% to evade)
The sting misses the ooze.
The ooze barely misses you.
You hit the ooze.
The ooze is heavily wounded.
The ooze closely misses you.
You hit the ooze but do no damage.
The ooze is heavily wounded.
The ooze completely misses you.
The hobgoblin shouts!
You hit the ooze but do no damage.
The ooze is heavily wounded.
The ooze completely misses you. The ooze hits you. The ooze hits you.
The ooze barely misses you.
You hit the ooze.
The ooze is almost dead.
The ooze hits you.
* * * LOW HITPOINT WARNING * * *
You hit the ooze but do no damage.
The ooze is almost dead.
The ooze misses you.
You hit the ooze.
You kill the ooze!
The hobgoblin hits you.
You die...

.. #.# .# .. #
##.# .. ##. #..
###. ...###.# #..
### ....#.# #.#
.... #...######@#
....####.......g.#
....#...>.....####
##..#.....###.#
#.........# #..#
#.....###.# ##...
......##..# ##..
..##g.##.######
##. .#
#..#.........


You could see a hobgoblin.

Vanquished Creatures
  An ooze (D:1)
  A ball python (D:1)
  2 goblins (D:1)
  A bat (D:1)
  2 rats (D:1)
7 creatures vanquished.

Vanquished Creatures (others)
  A plant (D:2)
1 creature vanquished.

Grand Total: 8 creatures vanquished

Notes
Turn   | Place    | Note
-------+----------+-------------------------------------------
     0 | D:1      | Gaff the Demonspawn Venom Mage began the quest for the Orb.
     0 | D:1      | Reached XP level 1. HP: 13/13 MP: 3/3
   402 | D:1      | Slain by a hobgoblin

Illustrated notes

Levels and vault maps discovered:
D:1:      sevenhm_arrival_forest_fort_small_4, layout_rooms, minmay_pentomino_u2
D:2:      layout_loops_corners, serial_forest, infiniplex_forest_zigzag_1,
          infiniplex_forest_end_1, infiniplex_forest_lined_3,
          infiniplex_forest_clump_small, infiniplex_forest_clump_tiny,
          infiniplex_forest_clump_small, infiniplex_forest_clump_medium,
          infiniplex_forest_lined_3_way, infiniplex_forest_end_2, minmay_tall_x

Action                   || total
-------------------------++-------
Melee: Club              ||     6
       Unarmed           ||     4
 Cast: Sting             ||    10
Armor: Robe              ||     6
Dodge: Dodged            ||    14

Table legend: (Time is in decaauts)
 A = Elapsed time spent in this place.
 B = Non-inter-level travel time spent in this place.
 C = Inter-level travel time spent in this place.
 D = Time resting spent in this place.
 E = Time spent auto-exploring this place.
 F = Levels seen in this place.
 G = Mean time per level.
                   A        B        C        D        E       F      G
               +--------+--------+--------+--------+--------+-----+--------+
         Total |    404 |    404 |      0 |    195 |     59 |   2 |  202.0 |
       Dungeon |    404 |    404 |      0 |    195 |     59 |   2 |  202.0 |
               +--------+--------+--------+--------+--------+-----+--------+

Top non-repeatable levels by time:
     D:2: 225 daAuts
     D:1: 179 daAuts
